 Dungeon Crawl Stone Soup version 0.21.1-1-g345015f (webtiles) character file.

4580 infcreate the Cleaver (level 10, 0/87 (88) HPs)
             Began as a Minotaur Fighter on May 17, 2018.
             Was a Follower of Trog.
             Slain by Joseph
             ... wielding a +2 quarterstaff of distortion
              (18 damage)
             ... on level 8 of the Dungeon on May 18, 2018.
             The game lasted 00:27:36 (7252 turns).

infcreate the Cleaver (Minotaur Fighter)            Turns: 7252, Time: 00:27:37

HP:   0/87 (88)     AC: 15    Str: 24    XL:     10   Next: 18%
MP:   9/9           EV:  7    Int:  5    God:    Trog [*.....]
Gold: 359           SH: 11    Dex: 10    Spells: 9/9 levels left

rFire    . . .     SeeInvis .   a - +0 war axe
rCold    . . .     Gourm    .   c - +0 shield
rNeg     . . .     Faith    .   F - +0 plate armour (curse)
rPois    .         Spirit   .   (helmet restricted)
rElec    .         Reflect  .   (no cloak)
rCorr    +         Harm     .   (no gloves)
MR       +....                  b - +0 pair of boots
Stlth    ..........             (no amulet)
HPRegen  0.24/turn              o - ring of protection from magic
MPRegen  0.11/turn              x - ring of resist corrosion

@: no status effects
A: retaliatory headbutt, horns 2
a: Berserk, Burn Spellbooks, Renounce Religion


You were on level 8 of the Dungeon.
You worshipped Trog.
Trog was aware of your devotion.
You were hungry.

You visited 2 branches of the dungeon, and saw 9 of its levels.

You collected 359 gold pieces.

Inventory:

Hand Weapons
 a - a +0 war axe (weapon)
Armour
 b - a +0 pair of boots (worn)
 c - a +0 shield (worn)
 F - a cursed +0 plate armour (worn)
Jewellery
 o - a ring of protection from magic (left hand)
 x - a ring of resist corrosion (right hand)
Scrolls
 e - 8 scrolls of identify {unknown}
 g - 3 scrolls of blinking {unknown}
 h - a scroll of enchant armour {unknown}
 i - 8 scrolls of remove curse {unknown}
 k - 4 scrolls of fear {unknown}
 l - 3 scrolls of fog {unknown}
 p - 2 scrolls of random uselessness {unknown}
 q - 2 scrolls of magic mapping {unknown}
 u - 3 scrolls of amnesia {unknown}
 v - 2 scrolls of teleportation {unknown}
 y - a scroll of immolation {unknown}
 z - a scroll of noise {unknown}
 D - a scroll of enchant weapon {unknown}
Potions
 d - 3 potions of might
 j - 3 potions of haste {unknown}
 m - 3 potions of heal wounds {unknown}
 r - 2 potions of magic {unknown}
 s - a potion of cancellation {unknown}
 t - 6 potions of curing {unknown}
 w - a potion of brilliance {unknown}
 A - a potion of mutation {unknown}
 B - a potion of agility {unknown}
 C - a potion of resistance {unknown}
Comestibles
 f - 12 rations


   Skills:
 + Level 8.0 Fighting
 + Level 11.8 Axes
 + Level 8.8 Armour
 + Level 2.7 Dodging
 + Level 8.2 Shields


You had 9 spell levels left.
You didn't know any spells.

Dungeon Overview and Level Annotations

Branches:
Dungeon (8/15)             Temple (1/1) D:7
   Lair: D:8-11

Altars:
Ashenzari
Cheibriados
Dithmenos
Elyvilon
Fedhas
Hepliaklqana
Kikubaaqudgha
Makhleb
Nemelex Xobeh
Okawaru
Qazlal
Sif Muna
Trog
Uskayaw
Wu Jian
The Shining One

Shops:
D:8 [

Annotations:
D:8 Joseph


Innate Abilities, Weirdness & Mutations

You reflexively headbutt those who attack you in melee.
You have a pair of horns on your head.


Message History

Joseph is severely wounded.
Joseph completely misses you.
You barely miss Joseph. You headbutt Joseph.
Joseph is severely wounded.
Joseph hits you but does no damage. Space warps horribly around you!
You hit Joseph.
Joseph is severely wounded.
You block Joseph's attack.
You hit Joseph but do no damage.
Joseph is severely wounded.
Joseph barely misses you.
You hit Joseph. Your headbutt misses Joseph.
Joseph is almost dead.
Joseph zaps a wand.
You resist with almost no effort.
You closely miss Joseph. You headbutt Joseph!
Joseph is almost dead.
Joseph hits you with an uncursed quarterstaff of distortion!
* * * LOW HITPOINT WARNING * * *
Space warps horribly around you!
You die...

......† ......†
####### .......
#.....# .......
#.....# ....... .#
#..(..# # ....... ...
#.....#.# .......
...##..(..#.# .......
...'...@..'.# .......
......##..@..###
...... .......
#.....# ......
#.......##.(...#
......
#.......##.(...#
......
#.......##.(...#
......
#.......#..(...#
#####
#.........(....#
#........(.....###'##


You could see Joseph.

Vanquished Creatures
  Erica (D:8)
  Sigmund (D:2)
  A wyvern (D:8)
  Grum (D:8)
  A hungry ghost (D:8)
  Menkaure (D:7)
  3 water moccasins
  An orc warrior (D:8)
  3 ice beasts
  2 sky beasts
  A black bear (D:6)
  2 necrophages (D:8)
  An ogre (D:4)
  3 wolves (D:8)
  2 centaurs (D:7)
  A big kobold (D:7)
  3 bullfrogs
  Blork the orc (D:5)
  A scorpion (D:5)
  A howler monkey (D:4)
  6 crimson imps
  A bullfrog zombie (D:6)
  A quasit (D:4)
  3 hounds
  6 orc wizards
  An orc priest (D:7)
  2 jellies (D:8)
  A centaur skeleton (D:8)
  3 iguanas
  8 worker ants
  2 killer bee zombies (D:8)
  A hound skeleton (D:5)
  A howler monkey zombie (D:8)
  10 adders
  2 howler monkey skeletons (D:4)
  4 shadow imps
  3 oozes
  An adder zombie (D:5)
  A worm (D:5)
  2 dart slugs (D:1)
  4 leopard geckos
  19 orcs
  6 giant cockroaches
  8 goblins
  7 hobgoblins
  16 jackals
  4 quokkas
  A ball python (D:7)
  5 bats
  2 frilled lizards
  A giant cockroach zombie (D:5)
  9 kobolds
  2 leopard gecko skeletons
  10 rats
184 creatures vanquished.

Notes
Turn   | Place    | Note
-------+----------+-------------------------------------------
     0 | D:1      | infcreate the Minotaur Fighter began the quest for the Orb.
     0 | D:1      | Reached XP level 1. HP: 19/19 MP: 0/0
   152 | D:1      | Reached XP level 2. HP: 26/27 MP: 1/1
   585 | D:2      | Noticed Sigmund
   597 | D:1      | Reached skill level 3 in Axes
   597 | D:1      | Reached XP level 3. HP: 18/33 MP: 2/2
   756 | D:2      | Killed Sigmund
   756 | D:2      | Reached skill level 4 in Axes
   756 | D:2      | Reached XP level 4. HP: 7/41 MP: 3/3
   756 | D:2      | Reached XP level 5. HP: 8/47 MP: 4/4
  1078 | D:2      | Found a deep blue altar of Sif Muna.
  1596 | D:2      | Reached skill level 5 in Axes
  1740 | D:3      | Reached skill level 5 in Shields
  1742 | D:3      | Reached skill level 5 in Armour
  1827 | D:3      | Reached XP level 6. HP: 50/53 MP: 5/5
  2259 | D:4      | HP: 2/53 [poisoned by an orc wizard]
  2267 | D:4      | HP: 2/53 [poisoned by an orc wizard]
  2689 | D:4      | Reached skill level 6 in Axes
  2779 | D:4      | Reached skill level 1 in Dodging
  2779 | D:4      | Reached XP level 7. HP: 34/60 MP: 6/6
  3131 | D:5      | Entered Level 5 of the Dungeon
  3154 | D:5      | Noticed Blork the orc
  3162 | D:5      | Killed Blork the orc
  3162 | D:5      | Reached skill level 5 in Fighting
  3525 | D:5      | Reached skill level 7 in Axes
  3619 | D:5      | Reached XP level 8. HP: 51/69 MP: 7/7
  3637 | D:5      | Found a sparkling altar of Nemelex Xobeh.
  4082 | D:5      | Reached skill level 8 in Axes
  4806 | D:6      | Reached skill level 9 in Axes
  5137 | D:7      | Reached XP level 9. HP: 78/78 MP: 8/8
  5342 | D:7      | Noticed Menkaure
  5348 | D:7      | Killed Menkaure
  5408 | D:7      | Found a snail-covered altar of Cheibriados.
  5470 | D:7      | Found a staircase to the Ecumenical Temple.
  5498 | Temple   | Entered the Ecumenical Temple
  5700 | Temple   | Became a worshipper of Trog the Wrathful
  5812 | D:7      | Reached skill level 10 in Axes
  6062 | D:8      | Noticed Joseph
  6370 | D:8      | Noticed Erica
  6387 | D:8      | Killed Erica
  6387 | D:8      | Reached skill level 11 in Axes
  6584 | D:8      | Found Xogext's Armour Emporium.
  6612 | D:8      | Reached * piety under Trog
  6614 | D:8      | Reached XP level 10. HP: 71/87 MP: 9/9
  6764 | D:8      | Noticed Grum
  6786 | D:8      | Killed Grum
  7252 | D:8      | Slain by Joseph

Skill      XL: |  1  2  3  4  5  6  7  8  9 10 |
---------------+-------------------------------+-----
Armour         | 4 5 6 7 8 |  8.8
Fighting       | 4 5 6 7 8 |  8.0
Axes           | 3 4 5 6 7 9 11 | 11.8
Shields        | 4 5 6 7 8 |  8.2
Dodging        | 1 2 |  2.7

Action                   |  1- 3 |  4- 6 |  7- 9 | 10-12 || total
-------------------------+-------+-------+-------+-------++-------
Melee: War axe           |    70 |   156 |   308 |    82 ||   616
       Headbutt          |    11 |    27 |    57 |    18 ||   113
  Eat: Chunk             |       |     6 |     7 |     1 ||    14
       Ration            |       |       |     2 |       ||     2
Armor: Scale mail        |    31 |       |       |       ||    31
       Chain mail        |       |    96 |   121 |    12 ||   229
       Plate armour      |       |       |       |     4 ||     4
Dodge: Dodged            |    16 |    41 |    73 |    24 ||   154
Block: Shield            |    34 |    86 |   139 |    42 ||   301
